 Dungeon Crawl Stone Soup version 0.21.1-1-g345015f (webtiles) character file.

114 Kairos the Shield-Bearer (level 5, -2/42 HPs)
             Began as a Formicid Fighter on Apr 8, 2018.
             Slain by a river rat (4 damage)
             ... on level 3 of the Dungeon.
             The game lasted 00:02:58 (1606 turns).

Kairos the Shield-Bearer (Formicid Fighter)         Turns: 1606, Time: 00:02:59

Health: -2/42      AC:  5    Str: 25    XL:     5   Next: 19%
Magic:  5/5        EV:  9    Int:  8    God:
Gold:   101        SH: 10    Dex: 11    Spells: 4/4 levels left

rFire    . . .     SeeInvis +   a - +0 war axe
rCold    . . .     Gourm    .   c - +0 shield
rNeg     . . .     Faith    .   i - +0 ring mail
rPois    .         Spirit   .   (helmet unavailable)
rElec    .         Reflect  .   (no cloak)
rCorr    .         Harm     .   (no gloves)
MR       .....                  (no boots)
Stlth    ++........             (no amulet)
HPRegen  0.14/turn              j - ring of stealth
MPRegen  0.09/turn              (no ring)

@: mighty
A: permanent stasis, dig shafts and tunnels, four strong arms, antennae 3
a: Dig, Shaft Self


You were on level 3 of the Dungeon.
You were near starving.

You visited 1 branch of the dungeon, and saw 3 of its levels.

You collected 101 gold pieces.

Inventory:

Hand Weapons
 a - a +0 war axe (weapon)
Armour
 b - a +0 scale mail
 c - a +0 shield (worn)
 i - a +0 ring mail (worn)
Jewellery
 j - a ring of stealth (left hand)
Scrolls
 h - a scroll of identify
 k - a scroll of enchant weapon
 l - a scroll of teleportation
Comestibles
 f - 3 rations


   Skills:
 + Level 3.9 Fighting
 + Level 3.2 Axes
 + Level 3.8 Armour
 + Level 1.2 Dodging
 + Level 0.3 Stealth
 + Level 4.3 Shields


You had 4 spell levels left.
You didn't know any spells.

Dungeon Overview and Level Annotations

Branches:
Dungeon (3/15)

Altars:
Cheibriados
Elyvilon
Gozag
Nemelex Xobeh
Ru
Sif Muna


Innate Abilities, Weirdness & Mutations

You cannot be hasted, slowed, berserked, paralysed or teleported.
You can dig through walls and to a lower floor.
Your four strong arms can wield two-handed weapons with a shield.
You have a pair of large antennae on your head. (SInv)


Message History

You block the rat's attack.
It was a potion of haste.
Your stasis prevents you from being hasted.
The rat bites you.
* * * LOW HITPOINT WARNING * * *
The river rat bites you.
* * * LOW HITPOINT WARNING * * *
You slash the river rat!
The river rat is severely wounded.
You barely miss the rat. The rat bites you but does no damage.
The river rat barely misses you.
You slash the river rat!
You kill the river rat!
You closely miss the river rat. The river rat closely misses you.
You slash the rat!
You kill the rat!
You closely miss the river rat.
You are near starving!
The river rat bites you.
You die...

### ..##
######..#
........#
..≈...††#
≈≈≈≈≈.rr#
≈#≈####@#
#.# #.# {
#.# #.# {
{#.# #.#
#.## {
{#..#


You could see a river rat and a rat.

Vanquished Creatures
  3 adders
  3 river rats (D:3)
  A worm (D:2)
  A dart slug (D:2)
  An orc (D:3)
  2 ball pythons (D:2)
  2 giant cockroaches
  7 goblins
  9 hobgoblins
  11 bats
  6 frilled lizards
  2 kobolds
  9 rats
57 creatures vanquished.

Notes
Turn   | Place    | Note
-------+----------+-------------------------------------------
     0 | D:1      | Kairos the Formicid Fighter began the quest for the Orb.
     0 | D:1      | Reached XP level 1. HP: 18/18 MP: 1/1
    93 | D:1      | Reached XP level 2. HP: 22/24 MP: 2/2
   342 | D:1      | Reached XP level 3. HP: 30/30 MP: 3/3
   802 | D:2      | Reached skill level 4 in Shields
   981 | D:2      | Reached XP level 4. HP: 37/37 MP: 4/4
  1015 | D:2      | Found a white marble altar of Elyvilon.
  1015 | D:2      | Found a sparkling altar of Nemelex Xobeh.
  1020 | D:2      | Found an opulent altar of Gozag.
  1022 | D:2      | Found a deep blue altar of Sif Muna.
  1024 | D:2      | Found a snail-covered altar of Cheibriados.
  1088 | D:2      | Found a sacrificial altar of Ru.
  1592 | D:3      | Reached skill level 1 in Dodging
  1601 | D:3      | Reached XP level 5. HP: 11/42 MP: 5/5
  1603 | D:3      | HP: 1/42 [river rat (3)]
  1606 | D:3      | Slain by a river rat

Skill      XL: |  1  2  3  4 |
---------------+-------------+-----
Shields        | 4 |  4.3
Axes           | 3 |  3.2
Dodging        | 1 |  1.2
Fighting       | |  3.9
Armour         | |  3.8
Stealth        | |  0.3

Action                   |  1- 3 |  4- 6 || total
-------------------------+-------+-------++-------
Melee: War axe           |    96 |    64 ||   160
 Abil: Dig               |       |     1 ||     1
  Use: Scroll            |       |     5 ||     5
       Potion            |       |     5 ||     5
 Stab: Sleeping          |     3 |     1 ||     4
  Eat: Chunk             |       |     2 ||     2
Armor: Scale mail        |    26 |       ||    26
       Ring mail         |    18 |    33 ||    51
Dodge: Dodged            |    45 |    54 ||    99
Block: Shield            |    64 |    60 ||   124
